 Dungeon Crawl Stone Soup version 0.32-a0-834-geaf45d8e21 (webtiles) character file.

Game seed: 9814478833078970119

91 Shayle the Apothecary (level 4, -2/34 HPs)
             Began as a Coglin Alchemist on Mar 25, 2024.
             Slain by a black bear (3 damage)
             ... on level 3 of the Dungeon.
             The game lasted 00:05:27 (1861 turns).

Shayle the Apothecary (Coglin Alchemist)            Turns: 1861, Time: 00:05:28

Health: -2/34      AC:  2    Str:  8    XL:     4   Next: 57%
Magic:  6/6        EV: 11    Int: 15    God:
Gold:   90         SH:  0    Dex: 16    Spells: 5/6 levels left

rFire   . . .        i - +0 war axe {Thulani}
rCold   . . .        g - +0 short sword {Theodoric}
rNeg    . . .        a - +0 robe
rPois   .            (no helmet)
rElec   .            (no cloak)
rCorr   .            (no gloves)
SInv    .            (no boots)
Will    .....        (amulet unavailable)
Stlth   ++           (ring unavailable)
HPRegen 0.25/turn    (ring unavailable)
MPRegen 0.10/turn    (no gizmo)

%: no passive effects
@: revved
A: off-hand wielding, slow wielding, warmup strikes, no jewellery
a: Invent Gizmo


You were on level 3 of the Dungeon.
You visited 1 branch of the dungeon, and saw 3 of its levels.

You collected 90 gold pieces.

Inventory:

Hand Weapons
 e - a +0 dagger {Joji}
 g - a +0 short sword (offhand) {Theodoric}
 i - a +0 war axe (weapon) {Thulani}
 l - a +0 war axe
Missiles
 f - 2 boomerangs (quivered)
Armour
 a - a +0 robe (worn)
Scrolls
 c - a scroll of identify
 d - a scroll of enchant weapon {unknown}
 h - 3 scrolls of revelation
 j - a scroll of immolation {unknown}
 k - 2 scrolls of enchant armour
 m - a scroll of fear {unknown}


   Skills:
 + Level 2.4 Fighting
 + Level 2.2 Ranged Weapons
 + Level 2.3 Dodging
 - Level 1.5 Stealth
 - Level 1.7 Spellcasting
 - Level 0.8 Conjurations
 - Level 3.2 Alchemy


You had 5 spell levels left.
You knew the following spells:

 Your Spells              Type           Power      Damage    Failure   Level
a - Sting                 Conj/Alch      28%        1d4       10%         1

Your spell library contained the following spells:

 Spells                   Type           Power      Damage    Failure   Level
 Mercury Vapours          Alch/Air       12%        N/A       17%         2
 Mephitic Cloud           Conj/Alch/Air  5%         N/A       36%         3
 Olgreb's Toxic Radiance  Alch           11%        N/A       52%         4
 Sticky Flame             Fire/Alch      6%         2d4       75%         4


Dungeon Overview and Level Annotations

Branches:
Dungeon (3/15)

Altars:


Innate Abilities, Weirdness & Mutations

You can wield a second weapon in your off-hand.
It takes a long time for you to wield or remove held weapons.
Your first few attacks do less damage.
You cannot equip rings or amulets.


Message History

The sting misses the black bear.
The black bear closely misses you. x2
The black bear claws you.
Casting: Sting (safe; 10% risk of failure)
Confirm with . or Enter, or press ? or * to list all spells.
Aiming: Sting (safe; 10% risk of failure)
Press: ? - help, Shift-Dir - straight line, f/p - black bear
Aim: a black bear (moderately wounded, very poisoned, 77% to hit)
The sting misses the black bear.
The black bear misses you. The black bear barely misses you. x2
You barely miss the black bear with your +0 war axe.
The black bear is moderately wounded.
You hit the black bear with your +0 short sword.
The black bear closely misses you. The black bear claws you.
The black bear misses you. The black bear barely misses you.
The black bear claws you. x2
You barely miss the black bear with your +0 war axe.
The black bear is moderately wounded.
You hit the black bear but do no damage.
The black bear closely misses you. The black bear claws you.
The black bear closely misses you.
Unknown command.
You barely miss the black bear with your +0 war axe.
The black bear is moderately wounded.
You hit the black bear with your +0 short sword.
The black bear bites you. The black bear claws you. x2
* * * LOW HITPOINT WARNING * * *
You barely miss the black bear with your +0 war axe.
The black bear is heavily wounded.
You hit the black bear with your +0 short sword.
The black bear misses you. The black bear claws you.
* * * LOW HITPOINT WARNING * * *
The black bear claws you.
* * * LOW HITPOINT WARNING * * *
Unknown command.
Magic courses through your body.
You hear the slow rusting of a drain.
The black bear closely misses you. The black bear claws you.
* * * LOW HITPOINT WARNING * * *
The black bear claws you.
You die...

##..##$.# #(..##.##
#...#.)#† ##..#.†.<
#......# #.#o..## ###
###...##
.#.#########.###.h..###
.......@hoo..#..........
.#....####......########
#.## #.$...##### #######


You could see a black bear (poisoned), an orc wizard and an orc.

Vanquished Creatures
  5 adders
  2 dart slugs (D:2)
  2 ribbon worms (D:2)
  An orc (D:3)
  2 endoplasms
  A giant cockroach (D:2)
  3 goblins (D:2)
  5 hobgoblins
  3 quokkas
  A ball python (D:1)
  6 bats
  4 frilled lizards
  4 rats
39 creatures vanquished.

Notes
Turn   | Place    | Note
-------+----------+-------------------------------------------
     0 | D:1      | Shayle the Coglin Alchemist began the quest for the Orb.
     0 | D:1      | Reached XP level 1. HP: 13/13 MP: 3/3
   305 | D:1      | Reached skill level 1 in Fighting
   305 | D:1      | Reached XP level 2. HP: 21/21 MP: 4/4
   343 | D:1      | You fall into a shaft and drop 1 floor!
   351 | D:2      | Reached skill level 1 in Ranged Weapons
   769 | D:1      | Reached XP level 3. HP: 14/27 MP: 0/5
  1138 | D:2      | Reached XP level 4. HP: 31/33 MP: 2/6
  1829 | D:3      | Noticed a black bear
  1860 | D:3      | HP: 1/34 [black bear (1)]
  1861 | D:3      | Slain by a black bear

Illustrated notes

Levels and vault maps discovered:
D:1:      wander_arrival_peaceful_grave, layout_basic, minmay_tromino_v2
D:2:      layout_rooms, fountainhead
D:3:      layout_rooms, nicolae_ecumenical_snake_handling,
          gup_sewer_entry_bubbles

Skill      XL: |  1  2  3  4 |
---------------+-------------+-----
Fighting       | 1 2 |  2.4
Ranged Weapons | 1 2 |  2.2
Dodging        | 2 |  2.3
Stealth        | |  1.5
Spellcasting   | |  1.7
Conjurations   | |  0.8
Alchemy        | |  3.2

Action                     |  1- 3 |  4- 6 || total
---------------------------+-------+-------++-------
  Melee: Short sword       |    32 |    10 ||    42
         Dagger            |     4 |       ||     4
         Unarmed           |     1 |       ||     1
         War axe           |    31 |    11 ||    42
  Throw: Boomerang         |    24 |       ||    24
   Cast: Sting             |    29 |    29 ||    58
    Use: Scroll            |       |     2 ||     2
         Potion            |       |     1 ||     1
 Armour: Robe              |    46 |    26 ||    72
  Dodge: Dodged            |    48 |    22 ||    70

Table legend: (Time is in decaauts)
 A = Elapsed time spent in this place.
 B = Non-inter-level travel time spent in this place.
 C = Inter-level travel time spent in this place.
 D = Time resting spent in this place.
 E = Time spent auto-exploring this place.
 F = Levels seen in this place.
 G = Mean time per level.
                   A        B        C        D        E       F      G
               +--------+--------+--------+--------+--------+-----+--------+
         Total |   1880 |   1767 |    113 |    302 |    970 |   3 |  626.7 |
       Dungeon |   1880 |   1767 |    113 |    302 |    970 |   3 |  626.7 |
               +--------+--------+--------+--------+--------+-----+--------+

Top non-repeatable levels by time:
     D:2: 961 daAuts
     D:1: 851 daAuts
     D:3: 66 daAuts
